[Event "Titled Tuesday Blitz June 13 Late 2023"]
[White "Grigoriants, Sergey"]
[Black "Jaskolka, Tomasz"]
[WhiteFideId "4130804"]
[BlackFideId "1170791"]
[WhiteElo "2502"]
[BlackElo "2155"]
[Result "1-0"]
[Round "6"]
[TimeControl "180+2"]
[Date "2023.06.13"]
[WhiteClock "0:00:16"]
[BlackClock "0:00:10"]
[Board "45"]

1. d4 d5 2. c4 e5 3. dxe5 d4 4. a3 a5 5. e3 Bc5 6. exd4 Bxd4 7. Be2 Nc6 8. Nf3 Be6 9. O-O Bxe5 10. Nxe5 Nxe5 11. Qb3 Nf6 12. Rd1 Qe7 13. Qb5+ Bd7 14. Qxb7 Bc6 15. Qb3 O-O 16. Nc3 h6 17. Bf4 Ng6 18. Bg3 Rab8 19. Qc2 Ne4 20. Nd5 Bxd5 21. cxd5 Nxg3 22. hxg3 Qe5 23. Rd2 Ne7 24. Bf3 Nf5 25. Rc1 Rfc8 26. Qc3 Qxc3 27. Rxc3 Nd6 28. Rdc2 Rb7 29. Rc5 a4 30. Ra5 Rcb8 31. Rxa4 Rxb2 32. Rxc7 Ra2 33. g4 Rb1+ 34. Kh2 Rxf2 35. Ra6 Nb5 36. Rc8+ Kh7 37. Be4+ g6 38. Bxb1 h5 39. gxh5 Nd4 40. hxg6+ fxg6 41. Rxg6 Nf3+ 42. Kg3 Rxg2+ 43. Kxg2 Nh4+ 44. Kf2 Nf3 45. Rg4+ Kh6 46. Rh8# 1-0


[Site "https://www.chess.com"]

[Event "Titled Tuesday Blitz June 13 Late 2023"]
[White "MKlose11"]
[Black "Elsa167"]
[WhiteElo "2548"]
[BlackElo "2874"]
[Result "0-1"]
[Round "6"]
[TimeControl "180+2"]
[Date "2023.06.13"]
[WhiteClock "0:00:01"]
[BlackClock "0:00:05"]
[Board "46"]

1. e4 c5 2. Nc3 e6 3. g3 b6 4. d3 Bb7 5. Bg2 g6 6. Nh3 Bg7 7. O-O h5 8. Be3 h4 9. g4 Nc6 10. f4 Nd4 11. Qd2 Ne7 12. Nd1 d5 13. c3 Ndc6 14. f5 gxf5 15. gxf5 exf5 16. exd5 Nxd5 17. Rxf5 Nce7 18. Rf2 Rg8 19. Ng5 h3 20. Nxh3 Qd7 21. Nf4 Nxe3 22. Nxe3 Bh6 23. Kh1 O-O-O 24. Qe2 Nf5 25. Nxf5 Bxf4 26. Bxb7+ Qxb7+ 27. Qf3 Be5 28. Qxb7+ Kxb7 29. Re1 Rxd3 30. Rff1 f6 31. b3 Rd2 32. c4 Rxh2# 0-1


[Site "https://www.chess.com"]

[Event "Titled Tuesday Blitz June 13 Late 2023"]
[White "Besedes, Danilo"]
[Black "Mekhitarian, Krikor Sevag"]
[WhiteFideId "946796"]
[BlackFideId "2107660"]
[WhiteElo "2352"]
[BlackElo "2604"]
[Result "0-1"]
[Round "6"]
[TimeControl "180+2"]
[Date "2023.06.13"]
[WhiteClock "0:00:19"]
[BlackClock "0:00:16"]
[Board "47"]

1. e4 e6 2. d4 d5 3. Nd2 c5 4. Ngf3 cxd4 5. exd5 Qxd5 6. Bc4 Qd7 7. Nb3 Nc6 8. Nbxd4 Nxd4 9. Qxd4 Qxd4 10. Nxd4 Bd7 11. Bb3 Nf6 12. c3 Bc5 13. Nc2 Rc8 14. Be3 Ke7 15. Rd1 a5 16. a3 b5 17. h3 Rc7 18. Rd2 Rhc8 19. O-O Rb7 20. Rfd1 Bxe3 21. Nxe3 b4 22. cxb4 axb4 23. a4 Ra8 24. Ra1 Ne4 25. Rd4 Nc5 26. Bd1 Rbb8 27. a5 Rb5 28. Nc4 Bc6 29. Rc1 Be8 30. Nd6 Rbxa5 31. Nxe8 Kxe8 32. Rxb4 Nd3 0-1


[Site "https://www.chess.com"]

[Event "Titled Tuesday Blitz June 13 Late 2023"]
[White "Horvath, Dominik"]
[Black "ElDivis"]
[WhiteFideId "1642561"]
[WhiteElo "2407"]
[BlackElo "2546"]
[Result "0-1"]
[Round "6"]
[TimeControl "180+2"]
[Date "2023.06.13"]
[WhiteClock "0:00:00"]
[BlackClock "0:00:24"]
[Board "48"]

1. e4 c5 2. Nf3 d6 3. d4 cxd4 4. Nxd4 Nf6 5. Nc3 g6 6. Be2 Bg7 7. O-O O-O 8. Nb3 Nc6 9. Be3 Be6 10. Qd2 d5 11. exd5 Nxd5 12. Nxd5 Qxd5 13. Qxd5 Bxd5 14. c3 Rfd8 15. Rfd1 b6 16. Ba6 Rd6 17. c4 Nb4 18. cxd5 Nxa6 19. Rd2 Nb4 20. Rad1 Rad8 21. Bg5 f6 22. Bf4 Rxd5 23. Rxd5 Rxd5 24. Rxd5 Nxd5 25. Bb8 a6 26. Nd4 f5 27. Nc6 Bxb2 28. Kf1 Kf7 29. Ke2 Ke8 30. Bg3 a5 31. Kd3 Kd7 32. Nb8+ Kc8 33. Kc4 f4 0-1


[Site "https://www.chess.com"]

[Event "Titled Tuesday Blitz June 13 Late 2023"]
[White "Goltsev, Dmitry"]
[Black "Sreyas Payyappat"]
[WhiteFideId "24176710"]
[BlackFideId "46674969"]
[WhiteElo "2356"]
[BlackElo "2043"]
[Result "1-0"]
[Round "6"]
[TimeControl "180+2"]
[Date "2023.06.13"]
[WhiteClock "0:00:32"]
[BlackClock "0:00:02"]
[Board "49"]

1. e4 c6 2. d4 d5 3. Nc3 dxe4 4. Nxe4 Nf6 5. Ng3 g6 6. Nf3 Bg7 7. c3 O-O 8. Bc4 Nbd7 9. h4 Nb6 10. Bb3 h5 11. Ne5 Nbd5 12. Bg5 Ng4 13. Nxg4 Bxg4 14. f3 Qc7 15. Kf2 Bd7 16. Re1 e5 17. dxe5 Bxe5 18. Ne4 Be6 19. c4 Qb6+ 20. c5 Qc7 21. g3 f5 22. Nd6 Bxd6 23. Rxe6 Bxc5+ 24. Kg2 Qf7 25. Bxd5 cxd5 26. Qxd5 Kh7 27. Rae1 Rae8 28. a3 Rxe6 29. Qxe6 Qxe6 30. Rxe6 Rf7 31. b4 Bb6 32. Re8 Kg7 33. a4 Rd7 34. a5 Bc7 35. Be3 a6 36. Rc8 Bd6 37. Bc5 Kf6 38. f4 Ke6 39. Kf3 Bxc5 40. bxc5 Kd5 41. Rg8 Kxc5 42. Rxg6 Kb5 43. Rf6 Rd5 44. Rb6+ Kxa5 45. Rxb7 Ka4 46. Rh7 Ka3 47. Rxh5 a5 48. g4 a4 49. Rxf5 Rd8 50. Ra5 Kb4 51. Ra7 a3 52. h5 Rd2 53. g5 a2 54. Kg4 Kb5 55. h6 Rh2 56. h7 Kb6 57. Rxa2 Rxh7 58. Rc2 1-0


[Site "https://www.chess.com"]

[Event "Titled Tuesday Blitz June 13 Late 2023"]
[White "Lashkin, Jegor"]
[Black "Siniauski, Artsiom"]
[WhiteFideId "13907808"]
[BlackFideId "13512269"]
[WhiteElo "2368"]
[BlackElo "2065"]
[Result "1-0"]
[Round "6"]
[TimeControl "180+2"]
[Date "2023.06.13"]
[WhiteClock "0:01:00"]
[BlackClock "0:00:11"]
[Board "50"]

1. Nf3 Nf6 2. c4 b6 3. g3 Bb7 4. Bg2 c5 5. O-O g6 6. b3 Bg7 7. Bb2 O-O 8. d4 cxd4 9. Qxd4 d6 10. Rd1 Nbd7 11. Qe3 a6 12. Nc3 Rc8 13. Rac1 Nc5 14. Nd4 Bxg2 15. Kxg2 Qd7 16. Qf3 Rfd8 17. Nd5 Rb8 18. Nc6 Nxd5 19. Nxb8 Rxb8 20. Bxg7 Kxg7 21. cxd5 a5 22. a3 Qb5 23. Rc3 Rb7 24. Qe3 f6 25. Rd4 h5 26. b4 axb4 27. axb4 Nd7 28. Qxe7+ Kh6 29. Rc8 Ne5 30. Rh8+ Kg5 31. h4+ Kf5 32. Rf4# 1-0


[Site "https://www.chess.com"]

[Event "Titled Tuesday Blitz June 13 Late 2023"]
[White "Rustemov, Alexander"]
[Black "Zavgorodniy, Sergiy"]
[WhiteFideId "4119002"]
[BlackFideId "14110148"]
[WhiteElo "2791"]
[BlackElo "2402"]
[Result "0-1"]
[Round "6"]
[TimeControl "180+2"]
[Date "2023.06.13"]
[WhiteClock "0:00:09"]
[BlackClock "0:00:07"]
[Board "51"]

1. d4 d5 2. c4 dxc4 3. Nf3 Nf6 4. e3 e6 5. Bxc4 a6 6. O-O b5 7. Be2 Bb7 8. a4 b4 9. Nbd2 Nbd7 10. Nc4 c5 11. Nfe5 Qc7 12. Bf3 Rc8 13. a5 Be7 14. Nxd7 Nxd7 15. d5 exd5 16. Bxd5 O-O 17. e4 Bxd5 18. exd5 Bd6 19. g3 Rcd8 20. Re1 Ne5 21. Nb6 c4 22. Re4 Rfe8 23. Bf4 c3 24. bxc3 bxc3 25. Rc1 f5 26. Re3 Bb4 27. d6 Bxd6 28. Rcxc3 Qf7 29. Qb3 Qxb3 30. Rxb3 Nf7 31. Rxe8+ Rxe8 32. Be3 Ne5 33. h3 Kf7 34. Kg2 Ke6 35. Bd4 Nc6 36. Bxg7 Nxa5 37. Re3+ Kf7 38. Rxe8 Kxe8 39. Bc3 Nc6 40. Nd5 Kf7 41. Ne3 f4 42. Nc4 Bc7 43. g4 a5 44. Kf3 a4 45. Ke4 Ke6 46. f3 Bb8 47. h4 Bc7 48. h5 Bb8 49. Bb2 Na7 50. Bc1 Nb5 51. Bxf4 Bxf4 52. Kxf4 a3 53. Nd2 Nd4 54. Ke4 a2 55. Kxd4 a1=Q+ 56. Ke3 Qc3+ 57. Ke2 h6 58. Ne4 Qc2+ 59. Ke3 Qc1+ 60. Ke2 Qf4 61. Nf2 Kd5 62. Nd3 Qh2+ 63. Ke3 Qg1+ 64. Ke2 Qd4 65. Nf2 Kc4 66. Ne4 Qd3+ 67. Kf2 Kd4 68. Ng3 Qc2+ 69. Kf1 Ke3 70. Nf5+ Kf4 71. Nd4 Qd1+ 72. Kf2 Qxd4+ 73. Ke2 Qe3+ 74. Kd1 Qxf3+ 75. Kc2 Qxg4 76. Kd3 Qxh5 77. Kd4 Qf3 78. Kc4 h5 79. Kc5 h4 80. Kd6 h3 81. Ke7 h2 82. Ke6 h1=Q 83. Kf7 Qe1 84. Kg6 Qee4+ 85. Kh6 Qh3+ 86. Kg7 Qhh7+ 87. Kf8 Qee7# 0-1


[Site "https://www.chess.com"]

[Event "Titled Tuesday Blitz June 13 Late 2023"]
[White "Petesch, Gabriel"]
[Black "Siddharth, Jagadeesh"]
[WhiteFideId "2032465"]
[BlackFideId "5818320"]
[WhiteElo "2374"]
[BlackElo "2303"]
[Result "0-1"]
[Round "6"]
[TimeControl "180+2"]
[Date "2023.06.13"]
[WhiteClock "0:00:01"]
[BlackClock "0:01:58"]
[Board "52"]

1. e4 c5 2. Ne2 d6 3. g3 Nf6 4. Bg2 Nc6 5. d3 g6 6. O-O Bg7 7. Nd2 O-O 8. Re1 Rb8 9. a4 a6 10. c3 b5 11. axb5 axb5 12. Nf4 b4 13. Nc4 Nd7 14. Bd2 Nde5 15. Nxe5 Nxe5 16. Ra7 g5 17. Nd5 e6 18. Ne7+ Kh8 19. Bxg5 Qb6 20. Nxc8 Rbxc8 21. Ra1 c4 22. dxc4 Nxc4 23. Qf3 Nxb2 24. cxb4 Rc3 25. Qf4 Nd3 26. Qh4 Qxf2+ 27. Kh1 Nxe1 0-1


[Site "https://www.chess.com"]

[Event "Titled Tuesday Blitz June 13 Late 2023"]
[White "Pert, Richard G"]
[Black "Fernandez Guillen, Ernesto J."]
[WhiteFideId "404748"]
[BlackFideId "3512428"]
[WhiteElo "2441"]
[BlackElo "2434"]
[Result "0-1"]
[Round "6"]
[TimeControl "180+2"]
[Date "2023.06.13"]
[WhiteClock "0:00:18"]
[BlackClock "0:00:44"]
[Board "53"]

1. d4 Nf6 2. Nc3 d5 3. Bf4 e6 4. Nb5 Na6 5. e3 c6 6. Nc3 Be7 7. g4 Kf8 8. g5 Nd7 9. h4 Nc7 10. Nf3 Ne8 11. Bd3 Bd6 12. Qe2 Qc7 13. Bxd6+ Nxd6 14. e4 a6 15. O-O-O b5 16. a3 Bb7 17. Ne5 Nxe5 18. dxe5 Nc4 19. Bxc4 bxc4 20. f4 Rb8 21. Qf2 Qa5 22. h5 Ke7 23. f5 Rhf8 24. f6+ gxf6 25. exd5 cxd5 26. Qxf6+ Kd7 27. Ne4 Bc6 28. c3 Qb6 29. Rd2 Qe3 30. Nd6 Rxb2 31. Kxb2 Qxd2+ 32. Ka1 Qxc3+ 33. Ka2 Qb3+ 34. Ka1 Qxa3+ 35. Kb1 Rb8+ 36. Kc2 Rb2+ 0-1


[Site "https://www.chess.com"]

[Event "Titled Tuesday Blitz June 13 Late 2023"]
[White "Fedotov, Nikita"]
[Black "Kuznetsov, Felix"]
[WhiteFideId "24161446"]
[BlackFideId "34147990"]
[WhiteElo "2211"]
[BlackElo "2281"]
[Result "0-1"]
[Round "6"]
[TimeControl "180+2"]
[Date "2023.06.13"]
[WhiteClock "0:00:10"]
[BlackClock "0:00:12"]
[Board "54"]

1. e4 c5 2. d4 cxd4 3. Qxd4 Nc6 4. Qd3 g6 5. Nc3 Bg7 6. Nf3 d6 7. Be2 Nf6 8. O-O O-O 9. Nd5 Nd7 10. c3 Nc5 11. Qc2 e6 12. Ne3 Qe7 13. b4 Nd7 14. Bb2 f5 15. exf5 gxf5 16. Rfe1 f4 17. Ng5 Qxg5 18. Nc4 f3 19. Bf1 fxg2 20. Bxg2 Nce5 21. Nd2 Nb6 22. c4 Bd7 23. c5 Bc6 24. Ne4 Nf3+ 25. Kh1 Nxe1 26. Rxe1 Bxe4 27. Bxe4 dxc5 28. Rg1 Qxg1+ 29. Kxg1 c4 30. Bxh7+ Kh8 31. Bxg7+ Kxg7 32. Qg6+ Kh8 33. Qh6 Rf7 34. Bg6+ Kg8 35. Bxf7+ Kxf7 36. Qf4+ Ke7 37. Qc7+ Kf6 38. Qf4+ Ke7 39. Qc7+ Kf6 40. Qf4+ Kg6 41. Qe4+ Kg5 42. f4+ Kf6 43. Qe5+ Kf7 44. Qc7+ Kg6 45. a4 Rc8 46. Qxb7 c3 47. Qe4+ Kf7 48. Qh7+ Kf6 49. Qh6+ Kf5 50. Qg5+ Ke4 51. Qe5+ Kd3 52. a5 c2 53. axb6 c1=Q+ 54. Kf2 Rc2+ 55. Kg3 Qg1+ 0-1


[Site "https://www.chess.com"]

[Event "Titled Tuesday Blitz June 13 Late 2023"]
[White "Papasimakopoulos, Alexandros"]
[Black "HamedWafa4"]
[WhiteFideId "4244125"]
[WhiteElo "2359"]
[BlackElo "2529"]
[Result "0-1"]
[Round "6"]
[TimeControl "180+2"]
[Date "2023.06.13"]
[WhiteClock "0:00:00"]
[BlackClock "0:00:14"]
[Board "55"]

1. d4 Nf6 2. c4 e6 3. Nc3 Bb4 4. Qc2 O-O 5. a3 Bxc3+ 6. Qxc3 b6 7. Bg5 Bb7 8. f3 h6 9. Bh4 d5 10. e3 Nbd7 11. cxd5 exd5 12. Bd3 c5 13. Ne2 Rc8 14. Qd2 Re8 15. O-O Qe7 16. Bf2 Nf8 17. Ng3 Ne6 18. Nf5 Qd7 19. Bg3 Red8 20. Be5 Ne8 21. h4 c4 22. Bc2 Qe7 23. g4 Qd7 24. h5 Nf8 25. Qh2 c3 26. b3 Ba6 27. Rf2 f6 28. Bg3 Ne6 29. Rd1 Ng5 30. Bf4 Ne6 31. e4 Nxf4 32. Qxf4 Qc7 33. e5 fxe5 34. dxe5 Bb7 35. Nd4 Qf7 36. Qe3 Nc7 37. Qd3 Ne6 38. Qh7+ Kf8 39. Bg6 Ng5 40. Bxf7 Nxh7 41. Bg6 Ng5 42. Rc2 Kg8 43. Kg2 Rf8 44. Kg3 Ba6 45. f4 Ne4+ 46. Bxe4 dxe4 47. Ne6 Rfe8 48. f5 Bd3 49. Rcc1 c2 50. Rd2 Rc3 51. Kf4 Rxb3 52. g5 hxg5+ 53. Nxg5 Rc8 54. e6 Rb1 55. Rcxc2 Rxc2 56. e7 Rf1+ 57. Ke5 Rc5+ 58. Kd6 Bb5 59. Rg2 Rd1+ 0-1


[Site "https://www.chess.com"]

[Event "Titled Tuesday Blitz June 13 Late 2023"]
[White "Hnydiuk, Aleksander"]
[Black "Tristan, Leonardo"]
[WhiteFideId "1109057"]
[BlackFideId "113816"]
[WhiteElo "2374"]
[BlackElo "2461"]
[Result "0-1"]
[Round "6"]
[TimeControl "180+2"]
[Date "2023.06.13"]
[WhiteClock "0:01:07"]
[BlackClock "0:02:06"]
[Board "56"]

1. e4 d5 2. exd5 Qxd5 3. Nc3 Qa5 4. d4 Nf6 5. Nf3 Bf5 6. Bc4 e6 7. Bd2 Bb4 8. a3 Bxc3 9. Bxc3 Qb6 10. Qe2 O-O 11. O-O-O Nc6 12. Ne5 Rad8 13. g4 Nxe5 14. dxe5 Nxg4 15. Bb4 Nxf2 16. Bxf8 Rxf8 0-1


[Site "https://www.chess.com"]

[Event "Titled Tuesday Blitz June 13 Late 2023"]
[White "Wieczorek, Oskar"]
[Black "Shapiro, Viktor"]
[WhiteFideId "1133950"]
[BlackFideId "4175700"]
[WhiteElo "2418"]
[BlackElo "2212"]
[Result "1-0"]
[Round "6"]
[TimeControl "180+2"]
[Date "2023.06.13"]
[WhiteClock "0:00:05"]
[BlackClock "0:00:17"]
[Board "57"]

1. b3 Nf6 2. Ba3 d5 3. Nf3 g6 4. e3 Bg7 5. d4 O-O 6. Bd3 b6 7. O-O Ba6 8. Ne5 Bxd3 9. Qxd3 Re8 10. c4 e6 11. Rc1 c5 12. Nc3 cxd4 13. exd4 dxc4 14. Qxc4 Nfd7 15. f4 Nxe5 16. dxe5 Nd7 17. Ne4 Qh4 18. Nd6 Red8 19. g3 Qh3 20. Qe4 Rab8 21. Rc7 Nc5 22. Bxc5 bxc5 23. Rxf7 Rb4 24. Qe3 Rd4 25. Rxa7 Bf8 26. Re1 Bxd6 27. exd6 R8xd6 28. Qe5 Rd7 29. Rxd7 Rxd7 30. Qxe6+ Qxe6 31. Rxe6 Rd2 32. Rc6 Rxa2 33. Rxc5 Rb2 34. Rb5 Kf7 35. Rb8 Ke6 36. b4 Kf5 37. b5 Kg4 38. Kf1 Rxh2 39. b6 Rb2 40. b7 Kxg3 41. f5 g5 42. f6 Rb6 43. Ke2 Re6+ 44. Kd3 Rxf6 45. Rc8 Rb6 46. b8=Q+ Rxb8 47. Rxb8 g4 48. Ke2 h5 49. Kf1 h4 50. Kg1 h3 51. Rb3+ Kh4 52. Kh2 Kg5 53. Kg3 Kf5 54. Rb5+ Ke4 55. Kxg4 h2 56. Rh5 1-0


[Site "https://www.chess.com"]

[Event "Titled Tuesday Blitz June 13 Late 2023"]
[White "Badelka, Olga"]
[Black "Rosen, Eric"]
[WhiteFideId "13509926"]
[BlackFideId "2032562"]
[WhiteElo "2375"]
[BlackElo "2331"]
[Result "1-0"]
[Round "6"]
[TimeControl "180+2"]
[Date "2023.06.13"]
[WhiteClock "0:00:04"]
[BlackClock "0:00:05"]
[Board "58"]

1. d4 d5 2. c4 e6 3. Nc3 Nf6 4. cxd5 exd5 5. Bg5 c6 6. e3 Bd6 7. Bd3 h6 8. Bh4 O-O 9. Nge2 Re8 10. Bg3 Bxg3 11. Nxg3 a5 12. O-O Na6 13. Qd2 h5 14. h3 h4 15. Nge2 Nc7 16. Bc2 Ne6 17. f3 b5 18. a3 Ba6 19. Rfe1 b4 20. Na4 Qd6 21. axb4 Qxb4 22. Qxb4 axb4 23. Nb6 Ra7 24. Bd3 Rb8 25. Bxa6 Rxb6 26. Bc8 Re7 27. Kf2 Rb8 28. Bxe6 Rxe6 29. Nf4 Re7 30. Nd3 Nd7 31. Ra6 Nb6 32. b3 f6 33. Nxb4 Re6 34. Nd3 Nd7 35. b4 g5 36. Ra7 Nb6 37. Nc5 Ree8 38. Rc7 Rbc8 39. Rxc8 Rxc8 40. Ra1 Nc4 41. Ra7 Rb8 42. Na6 Rb6 43. e4 Kf8 44. exd5 cxd5 45. Ke2 Re6+ 46. Kd3 Re3+ 47. Kc2 Re2+ 48. Kc3 Rxg2 49. b5 Rb2 50. Nc7 f5 51. Nxd5 Rxb5 52. Kxc4 Rb1 53. Ra8+ Kf7 54. Ra7+ Ke6 55. Ra6+ Kf7 56. Rf6+ Kg7 57. Rxf5 Kg6 58. Rf6+ Kh5 59. f4 g4 60. Rf5+ Kg6 61. hxg4 h3 62. Rg5+ Kf7 63. Rh5 Rh1 64. Ne3 h2 65. Kd5 Kg6 66. Nf5 Kf6 67. Rh6+ Kf7 68. Kd6 Ke8 69. d5 Kf8 70. Rh8+ Kf7 71. Rh7+ Kf8 72. Rh4 Kf7 73. Nh6+ Kg6 74. Nf5 Kf7 75. g5 Kg6 76. Ne7+ Kf7 77. f5 Ke8 78. g6 Kf8 79. f6 Re1 80. Rh8# 1-0


[Site "https://www.chess.com"]

[Event "Titled Tuesday Blitz June 13 Late 2023"]
[White "benny_aizenberg"]
[Black "Musovic, Armin"]
[BlackFideId "939935"]
[WhiteElo "2674"]
[BlackElo "2322"]
[Result "1-0"]
[Round "6"]
[TimeControl "180+2"]
[Date "2023.06.13"]
[WhiteClock "0:00:02"]
[BlackClock "0:00:03"]
[Board "59"]

1. b3 Nf6 2. Bb2 d5 3. Nf3 Bg4 4. Ne5 Bh5 5. h3 Nbd7 6. g4 Bg6 7. Bg2 Nxe5 8. Bxe5 e6 9. O-O Nd7 10. Bg3 h5 11. e3 hxg4 12. hxg4 Be7 13. c4 c6 14. Nc3 Bh4 15. Bh2 Bd3 16. Ne2 Qg5 17. f3 Qh6 18. cxd5 exd5 19. f4 Bf6 20. Bg3 Bxa1 21. Qxa1 Bxe2 22. Re1 Bxg4 23. e4 d4 24. Qxd4 Bh3 25. Bf3 Rd8 26. Qxa7 Qd6 27. d4 Qg6 28. Kf2 Bg4 29. Bg2 Qd6 30. f5 Qb4 31. Bf4 c5 32. d5 Qd4+ 33. Be3 Qb2+ 34. Kg3 Bh5 35. Qa4 Kf8 36. Qc4 b6 37. Bf4 f6 38. Bd6+ Kg8 39. Be7 Ne5 40. Qb5 Re8 41. Qxb6 Rxe7 42. d6 Rd7 43. Qxc5 Be8 44. Qd5+ Bf7 45. Qa8+ Be8 46. Qxe8+ Kh7 47. Rh1# 1-0


[Site "https://www.chess.com"]

[Event "Titled Tuesday Blitz June 13 Late 2023"]
[White "Haszon, David"]
[Black "Zochowski, Kacper"]
[WhiteFideId "733610"]
[BlackFideId "1125494"]
[WhiteElo "2210"]
[BlackElo "2235"]
[Result "1-0"]
[Round "6"]
[TimeControl "180+2"]
[Date "2023.06.13"]
[WhiteClock "0:00:07"]
[BlackClock "0:00:00"]
[Board "60"]

1. d4 d5 2. Nf3 c6 3. Nc3 Bg4 4. Ne5 Bf5 5. f3 f6 6. Nd3 e6 7. e4 Bg6 8. Be3 Ne7 9. Qd2 Nd7 10. h4 Bf7 11. h5 h6 12. O-O-O Qa5 13. Kb1 Nb6 14. Nc5 Nc4 15. Bxc4 dxc4 16. Nxb7 Qb4 17. Nc5 Nc8 18. a3 Qb6 19. N3a4 Qc7 20. Qc3 Nb6 21. f4 Be7 22. g4 Qc8 23. Rdg1 Nxa4 24. Nxa4 Qa6 25. Nc5 Qb5 26. g5 hxg5 27. fxg5 Rxh5 28. Rxh5 Bxh5 29. Nxe6 Kd7 30. Nxg7 Bf7 31. Nf5 Bd8 32. g6 Ba5 33. Qxa5 Qxa5 34. gxf7 Rb8 35. Rg8 Ke6 36. Rxb8 Kxf7 37. Rb4 c3 38. bxc3 Qxa3 39. Rb3 Qa6 40. Kb2 Qf1 41. Rb7+ Kg6 42. Rg7+ Kh5 43. Ng3+ 1-0


[Site "https://www.chess.com"]

[Event "Titled Tuesday Blitz June 13 Late 2023"]
[White "Bellahcene, Bilel"]
[Black "Aggelis, Nikolaos"]
[WhiteFideId "696358"]
[BlackFideId "4213220"]
[WhiteElo "2552"]
[BlackElo "2189"]
[Result "1/2-1/2"]
[Round "6"]
[TimeControl "180+2"]
[Date "2023.06.13"]
[WhiteClock "0:00:55"]
[BlackClock "0:01:52"]
[Board "61"]

1. e4 c6 2. d4 d5 3. exd5 cxd5 4. Nf3 Nf6 5. Ne5 Nc6 6. Bb5 Bd7 7. Nxd7 Qxd7 8. c3 a6 9. Bd3 e6 10. Nd2 Be7 11. O-O O-O 12. f4 Rfe8 13. Qe2 b5 14. a3 Na5 15. Nf3 Nc4 16. Ne5 Qc7 17. Kh1 a5 18. a4 b4 19. Nxc4 dxc4 20. Bxc4 bxc3 21. bxc3 Rec8 22. Ba2 Qxc3 23. Bd2 Qxd4 24. Be3 Qe4 25. Bb1 Qd5 26. f5 e5 27. Ba2 Qe4 28. Bb1 Qd5 29. Ba2 Qe4 30. Bb1 Qd5 1/2-1/2


[Site "https://www.chess.com"]

[Event "Titled Tuesday Blitz June 13 Late 2023"]
[White "Kucuksari, Kaan"]
[Black "Estrada Nieto, Julian"]
[WhiteFideId "6380166"]
[BlackFideId "5101018"]
[WhiteElo "2364"]
[BlackElo "2161"]
[Result "1-0"]
[Round "6"]
[TimeControl "180+2"]
[Date "2023.06.13"]
[WhiteClock "0:01:35"]
[BlackClock "0:00:00"]
[Board "62"]

1. e4 e5 2. Nf3 Nc6 3. Bb5 a6 4. Ba4 Nf6 5. O-O Be7 6. Re1 b5 7. Bb3 d6 8. h3 Na5 9. d4 Nxb3 10. axb3 Nd7 11. Nc3 Bb7 12. Nd5 O-O 13. Nxe7+ Qxe7 14. d5 f5 15. Ng5 Nc5 16. exf5 Rxf5 17. b4 Na4 18. b3 Nc3 19. Qd3 Rxg5 20. Bxg5 Qxg5 21. Qxc3 Bxd5 22. Qg3 Qf5 23. Re3 Qxc2 24. Rc3 Qb2 25. Rd1 c6 26. Qd3 Rf8 27. Rd2 Qa1+ 28. Kh2 Qe1 29. Re2 Qf1 30. f3 h6 31. Qe3 Qb1 32. Rec2 Qf1 33. Rc1 1-0


[Site "https://www.chess.com"]

[Event "Titled Tuesday Blitz June 13 Late 2023"]
[White "Rios Escobar, Adan"]
[Black "Arabidze, Meri"]
[WhiteFideId "3403645"]
[BlackFideId "13604040"]
[WhiteElo "2497"]
[BlackElo "2405"]
[Result "0-1"]
[Round "6"]
[TimeControl "180+2"]
[Date "2023.06.13"]
[WhiteClock "0:00:00"]
[BlackClock "0:01:22"]
[Board "63"]

1. d4 Nf6 2. g3 e6 3. c4 d5 4. Nf3 Bb4+ 5. Nbd2 O-O 6. Bg2 b6 7. O-O Bb7 8. Qc2 Nbd7 9. Rd1 Bd6 10. a3 Rc8 11. b4 c5 12. bxc5 bxc5 13. Rb1 Ba8 14. cxd5 cxd4 15. Qa4 Bxd5 16. Qxd4 Bc5 17. Qh4 Be7 18. Bb2 Rb8 19. Qh3 Ba2 20. Bxf6 Nxf6 21. Rxb8 Qxb8 22. Ng5 h6 23. Nge4 Rd8 24. Nc3 Bb3 25. Nxb3 Rxd1+ 26. Nxd1 Qxb3 27. Ne3 Qxa3 28. Qh4 Qa1+ 29. Bf1 a5 30. Qc4 a4 31. Qc8+ Bf8 32. Nc2 Qc1 33. e3 a3 34. Qc4 Qb2 35. Ne1 a2 36. Nd3 Qb1 37. Nb4 a1=Q 0-1


[Site "https://www.chess.com"]

[Event "Titled Tuesday Blitz June 13 Late 2023"]
[White "Annaberdiyev, Meylis"]
[Black "Erzhanov, Arman"]
[WhiteFideId "14000563"]
[BlackFideId "4138821"]
[WhiteElo "2416"]
[BlackElo "2138"]
[Result "1-0"]
[Round "6"]
[TimeControl "180+2"]
[Date "2023.06.13"]
[WhiteClock "0:00:07"]
[BlackClock "0:00:20"]
[Board "64"]

1. e4 d6 2. d4 Nf6 3. Nc3 c6 4. f4 Qb6 5. e5 Nd5 6. Nxd5 cxd5 7. Nf3 Bf5 8. Bd3 Bxd3 9. Qxd3 e6 10. O-O Nc6 11. c3 g6 12. Kh1 Be7 13. Qe2 O-O-O 14. b4 Kb8 15. a4 Rc8 16. a5 Qc7 17. Bd2 a6 18. b5 axb5 19. Qxb5 Na7 20. Qb2 Ka8 21. Rfb1 Rb8 22. exd6 Bxd6 23. Ne5 Rhc8 24. Qb6 Bxe5 25. dxe5 d4 26. cxd4 Qc4 27. d5 exd5 28. Be3 Qa6 29. h3 Rc6 30. Qd4 Rd8 31. Ra4 Nc8 32. Kh2 Rd7 33. Rb6 Qe2 34. Rb2 Qa6 35. e6 Rxe6 36. Rb6 Qe2 37. Qc5 Na7 38. Rxe6 d4 39. Re8+ 1-0


[Site "https://www.chess.com"]

[Event "Titled Tuesday Blitz June 13 Late 2023"]
[White "Kleiman, Jake"]
[Black "Wizard_of_Odds"]
[WhiteFideId "2020041"]
[WhiteElo "2650"]
[BlackElo "2480"]
[Result "1-0"]
[Round "6"]
[TimeControl "180+2"]
[Date "2023.06.13"]
[WhiteClock "0:00:15"]
[BlackClock "0:00:00"]
[Board "65"]

1. e4 c5 2. c3 e6 3. d4 d5 4. exd5 exd5 5. Nf3 Nc6 6. Bb5 Bd6 7. dxc5 Bxc5 8. O-O Ne7 9. Nbd2 O-O 10. Nb3 Bd6 11. Bd3 h6 12. h3 Re8 13. Re1 Bd7 14. Be3 a6 15. Bc5 Qc7 16. Qc2 Rac8 17. Bxd6 Qxd6 18. Qd2 Rcd8 19. Nbd4 Qf6 20. Rad1 Bc8 21. Re3 Kf8 22. Rde1 Bd7 23. Bc2 g6 24. Nxc6 Bxc6 25. Ne5 Kg7 26. Rf3 Nf5 27. Ng4 Rxe1+ 28. Qxe1 Qe6 29. Qc1 d4 30. Rd3 h5 31. Nh2 Qxa2 32. Nf3 Be4 33. Rd1 d3 34. Bb1 Qd5 35. c4 Qc6 36. Qc3+ f6 37. Ne1 d2 38. Bxe4 Qxe4 39. Nf3 Qe2 40. Rxd2 Rxd2 41. Qxd2 Qxc4 42. g3 Qc6 43. Qd3 Nd6 44. Nd4 Qd5 45. Qe3 Ne4 46. h4 Nd6 47. Ne6+ Kf7 48. Nf4 Qe5 49. Qc3 Qxc3 50. bxc3 Nb5 51. c4 Nd6 52. c5 Ne4 53. Nd3 a5 54. Kg2 a4 55. f3 Nc3 56. Kf2 Ke7 57. Nb4 Kd7 58. Ke3 a3 59. Kd3 a2 60. Nc2 Na4 61. Kc4 Kc6 62. Nb4+ Kd7 63. Nxa2 Kc6 64. Nb4+ Kd7 65. Nd5 Ke6 66. Nf4+ Kf5 67. Kb5 Nc3+ 68. Kb6 Na4+ 69. Kb5 Nc3+ 70. Kc4 Na4 71. Nd3 g5 72. hxg5 fxg5 73. Kb4 h4 74. g4+ Ke6 75. Kxa4 Kd5 76. Kb5 h3 77. Nf2 Kd4 78. Kb6 h2 79. Nh1 Ke3 80. Kxb7 Kxf3 81. c6 Kg2 82. c7 Kxh1 83. c8=Q Kg2 84. Qc6+ Kg1 85. Qc5+ Kg2 86. Qd5+ Kg1 87. Qd4+ Kg2 88. Qe4+ Kg1 89. Qe3+ Kg2 90. Qd2+ Kg1 91. Qxg5 h1=Q+ 92. Kc7 Kf2 93. Kd7 Kf3 94. Qd5+ 1-0


[Site "https://www.chess.com"]

[Event "Titled Tuesday Blitz June 13 Late 2023"]
[White "marik_spb"]
[Black "Sieciechowicz, Marcin"]
[BlackFideId "1130170"]
[WhiteElo "2478"]
[BlackElo "2301"]
[Result "0-1"]
[Round "6"]
[TimeControl "180+2"]
[Date "2023.06.13"]
[WhiteClock "0:00:00"]
[BlackClock "0:01:13"]
[Board "66"]

1. e4 e6 2. d4 d5 3. e5 c5 4. c3 Qb6 5. Nf3 Nc6 6. a3 c4 7. Qc2 Na5 8. Nbd2 Bd7 9. Be2 O-O-O 10. O-O h6 11. Ne1 Kb8 12. f4 Ne7 13. Rb1 Qc7 14. Bd1 Nc8 15. b4 cxb3 16. Nxb3 Ba4 17. Qd3 Nxb3 18. Bxb3 Bxb3 19. Rxb3 Nb6 20. f5 Qc4 21. Qxc4 Nxc4 22. fxe6 fxe6 23. Rf7 Nb6 24. a4 Rd7 25. Rxd7 Nxd7 26. Nd3 g5 27. Ba3 Bxa3 28. Rxa3 Rf8 29. Ra2 Kc7 30. Rf2 Kb6 31. Nc5 Rxf2 32. Nxd7+ Kc7 33. Kxf2 Kxd7 34. Kf3 a5 35. Ke3 Kc6 36. Kd3 b5 37. c4 dxc4+ 38. Kc2 b4 0-1


[Site "https://www.chess.com"]